 Dungeon Crawl Stone Soup version 0.22-a0-776-ge6d7efa (webtiles) character file.

740 Hebeh the Destroyer (level 7, -10/36 HPs)
             Began as a Deep Elf Conjurer on July 18, 2018.
             Was an Initiate of Vehumet.
             Mangled by Duvessa
             ... wielding a +0 short sword of speed
              (13 damage)
             ... on level 5 of the Dungeon.
             The game lasted 00:18:58 (5879 turns).

Hebeh the Destroyer (Deep Elf Conjurer)             Turns: 5879, Time: 00:18:59

Health: -10/36     AC: 13    Str:  5    XL:     7   Next: 46%
Magic:  1/18       EV: 13    Int: 22    God:    Vehumet [......]
Gold:   351        SH:  0    Dex: 15    Spells: 7/18 levels left

rFire    . . .     SeeInvis .   a - +2 flail (protect)
rCold    . . .     Gourm    .   (no shield)
rNeg     . . .     Faith    .   B - +0 robe
rPois    .         Spirit   .   (no helmet)
rElec    .         Reflect  .   f - +2 cloak
rCorr    .         Harm     .   (no gloves)
MR       .....                  C - +0 pair of boots
Stlth    +++.......             (no amulet)
HPRegen  0.12/turn              A - ring of stealth
MPRegen  0.16/turn              (no ring)

@: protection aura, very slightly contaminated
A: no striking features
a: Renounce Religion


You were on level 5 of the Dungeon.
You worshipped Vehumet.
Vehumet was noncommittal.
You were not hungry.

You visited 1 branch of the dungeon, and saw 5 of its levels.

You collected 351 gold pieces.

Inventory:

Hand Weapons
 a - a +2 flail of protection (weapon)
 s - a +0 hunting sling
Missiles
 g - 96 bolts
 h - 43 arrows
 k - 7 javelins of penetration
 o - 3 javelins (quivered)
 p - 170 stones
Armour
 f - a +2 cloak (worn)
 i - a +0 buckler
 B - a +0 robe (worn)
 C - a +0 pair of boots (worn)
Jewellery
 A - a ring of stealth (left hand)
Wands
 q - a wand of paralysis (13)
 w - a wand of random effects (29)
 y - a wand of polymorph (11)
Scrolls
 e - a scroll of amnesia
 j - a scroll of enchant armour
 m - 2 scrolls of identify
 n - a scroll of remove curse
 t - 2 scrolls of blinking {unknown}
 E - a scroll of vulnerability {unknown}
 G - a scroll of magic mapping {unknown}
Potions
 b - a potion of degeneration {unknown}
 d - 2 potions of might
 l - a potion of haste
 r - 3 potions of agility {unknown}
 u - a potion of lignification {unknown}
 v - a potion of flight {unknown}
 x - a potion of invisibility
 z - a potion of brilliance {unknown}
 F - a potion of curing {unknown}
Comestibles
 c - 11 rations
 D - a chunk of flesh


   Skills:
 - Level 2.4 Dodging
 - Level 2.4 Stealth
 + Level 6.4 Spellcasting
 * Level 8.2 Conjurations
 * Level 3.1 Translocations


You had 7 spell levels left.
You knew the following spells:

 Your Spells              Type           Power        Failure   Level  Hunger
a - Magic Dart            Conj           ####         1%          1    None
b - Iskenderun's Mystic   Conj           #####...     3%          4    ###....
c - Searing Ray           Conj           #####.       1%          2    None
d - Force Lance           Conj/Tloc      ####....     9%          4    ###....

Your spell library contained the following spells:

 Spells                   Type           Power        Failure   Level  Hunger
 Fulminant Prism          Conj/Hex       ####......   16%         4    ###....
 Dazzling Spray           Conj/Hex       ####..       4%          3    #......


Dungeon Overview and Level Annotations

Branches:
Dungeon (5/15)
 Temple: D:4-7

Altars:
Ashenzari
Gozag
Qazlal
Ru
Trog
Uskayaw
Vehumet

Shops:
D:4 %

Annotations:
D:3 1 runed door, zard0z's ghost, amateur DEFE
D:5 Duvessa


Message History

Confirm with . or Enter, or press ? or * to list all spells.
You don't have enough magic to cast that spell.
You barely miss Duvessa.
Duvessa is severely wounded.
Duvessa barely misses you.
Duvessa hits you with a short sword of speed.
* * * LOW HITPOINT WARNING * * *
Duvessa misses you.
You closely miss Duvessa.
Duvessa is severely wounded.
Duvessa closely misses you. Duvessa hits you but does no damage.
You hit Duvessa.
Your weapon exudes an aura of protection.
Duvessa is severely wounded.
Duvessa completely misses you. Duvessa hits you but does no damage.
Duvessa completely misses you.
You hit Duvessa but do no damage.
Duvessa is severely wounded.
Duvessa hits you with a short sword of speed!
You die...

..##...#..........#
..##...#..........#
.......#..........#
.......#..........#
.......#..........#
..##...#..........#
..##...#..........#
...+...#..........#
..##...#........@.#
..##...#######'#e.?...#
.......#.......#......#
.......#.......#......#
####...#.......#......#
..##...#.......#......#
.......#.......#......#
.......'.......#......+
..##...#########


You could see Duvessa (berserk).

Vanquished Creatures
  2 ogres (D:4)
  Dowan (D:5)
  A howler monkey (D:5)
  4 hounds
  3 orc wizards
  4 worker ants
  A gnoll (D:1)
  7 adders
  An ooze (D:4)
  3 worms
  3 leopard geckos (D:3)
  10 orcs
  4 ball pythons
  3 giant cockroaches
  10 goblins
  12 hobgoblins
  15 jackals
  A quokka (D:4)
  5 bats
  4 frilled lizards
  4 kobolds
  A leopard gecko skeleton (D:4)
  A quokka skeleton (D:5)
  7 rats
107 creatures vanquished.

Notes
Turn   | Place    | Note
-------+----------+-------------------------------------------
     0 | D:1      | Hebeh the Deep Elf Conjurer began the quest for the Orb.
     0 | D:1      | Reached XP level 1. HP: 10/10 MP: 6/6
   279 | D:1      | Reached XP level 2. HP: 15/15 MP: 5/8
   793 | D:1      | Reached skill level 5 in Conjurations
   849 | D:1      | Reached XP level 3. HP: 12/19 MP: 2/10
   958 | D:1      | Learned a level 2 spell: Searing Ray
  1281 | D:2      | Found an opulent altar of Gozag.
  1373 | D:2      | Reached XP level 4. HP: 24/24 MP: 6/12
  1913 | D:3      | Reached skill level 6 in Conjurations
  2193 | D:3      | Reached XP level 5. HP: 28/28 MP: 8/14
  2236 | D:3      | Noticed zard0z's ghost (amateur DEFE)
  2370 | D:3      | Found a runed door.
  2931 | D:3      | Found a shattered altar of Ashenzari.
  2931 | D:3      | Found a bloodstained altar of Trog.
  3061 | D:3      | Reached skill level 5 in Spellcasting
  3333 | D:4      | Noticed an ogre
  3378 | D:4      | Killed an ogre
  3378 | D:4      | Reached skill level 7 in Conjurations
  3378 | D:4      | Reached XP level 6. HP: 32/32 MP: 10/16
  3384 | D:4      | Learned a level 4 spell: Iskenderun's Mystic Blast
  3389 | D:4      | Learned a level 4 spell: Force Lance
  3630 | D:4      | Reached skill level 1 in Translocations
  4166 | D:4      | Found Wasilill's Food Emporium.
  4439 | D:4      | Reached XP level 7. HP: 36/36 MP: 11/18
  4722 | D:4      | Found a sacrificial altar of Ru.
  5170 | D:5      | Entered Level 5 of the Dungeon
  5181 | D:5      | Reached skill level 8 in Conjurations
  5286 | D:5      | Found a stormy altar of Qazlal.
  5288 | D:5      | Found a radiant altar of Vehumet.
  5297 | D:5      | Became a worshipper of Vehumet
  5374 | D:5      | Found a hide-covered altar of Uskayaw.
  5865 | D:5      | Noticed Duvessa
  5865 | D:5      | Noticed Dowan
  5873 | D:5      | Killed Dowan
  5879 | D:5      | Mangled by Duvessa

Vault maps used:
D:1:      lightli_arrival_lavapool
D:2:      grunt_gozag_statues
D:3:      amethyst_overflow_temple_binary, gammafunk_ghost_grave, first_ration
D:4:      cheibrodos_greedy_goblins, serial_shops, shop,
          nicolae_ru_great_annihilating_truth
D:5:      grunt_temple_overflow_open, eat_drink_and_be_merry_uskayaw,
          uniq_duvessa

Skill      XL: |  1  2  3  4  5  6  7 |
---------------+----------------------+-----
Conjurations   | 5 6 7 8 |  8.2
Spellcasting   | 4 5 6 |  6.4
Translocations | 1 3 |  3.1
Dodging        | |  2.4
Stealth        | |  2.4

Action                   |  1- 3 |  4- 6 |  7- 9 || total
-------------------------+-------+-------+-------++-------
Melee: Club              |     9 |       |       ||     9
       Flail             |       |       |     8 ||     8
 Cast: Magic Dart        |    71 |   138 |    30 ||   239
       Searing Ray       |       |     7 |     2 ||     9
       Iskenderun's Myst |       |       |    10 ||    10
  Use: Scroll            |       |     8 |       ||     8
  Eat: Chunk             |     1 |     9 |     6 ||    16
Armor: Robe              |    10 |    14 |     2 ||    26
Dodge: Dodged            |    22 |    37 |    12 ||    71

Table legend:
 A = Spawn XP
 B = Non-spawn XP
 C = Spawn XP percentage of total XP
 D = Spawn monster count
 E = Non-spawn monster count
 F = Spawn count percentage of total count
 G = Total turns spent on level
                    A         B        C        D         E        F      G
               +---------+---------+-------+---------+---------+-------+---------
         Total |       0 |    1058 |   0.0 |       0 |     107 |   0.0 |  5879
               +---------+---------+-------+---------+---------+-------+---------
           D:1 |       0 |      42 |   0.0 |       0 |      18 |   0.0 |  1057
           D:2 |       0 |      99 |   0.0 |       0 |      20 |   0.0 |   849
           D:3 |       0 |     126 |   0.0 |       0 |      22 |   0.0 |  1340
           D:4 |       0 |     570 |   0.0 |       0 |      34 |   0.0 |  1924
           D:5 |       0 |     221 |   0.0 |       0 |      13 |   0.0 |   709
               +---------+---------+-------+---------+---------+-------+---------
